 Dungeon Crawl Stone Soup version 0.19.4-25-g1b72edd (webtiles) character file.

2363 Peloso the Carver (level 9, 0/75 HPs)
             Began as a Minotaur Fighter on Mar 1, 2017.
             Was a Believer of Okawaru.
             Slain by a water moccasin (6 damage)
             ... on level 9 of the Dungeon.
             The game lasted 00:14:45 (4712 turns).

Peloso the Carver (Minotaur Fighter)                Turns: 4712, Time: 00:14:46

Health: 0/75       AC: 17    Str: 27    XL:     9   Next: 21%
Magic:  0/0        EV:  8    Int:  5    God:    Okawaru [**....]
Gold:   189        SH: 11    Dex: 12    Spells: 0 memorised, 8 levels left

rFire  + . .     SeeInvis .     a - +0 long sword
rCold  . . .     Gourm    .     l - +1 chain mail {MR+}
rNeg   . . .     Faith    .     c - +0 shield
rPois  +         Spirit   .     (helmet restricted)
rElec  +         Reflect  .     K - +2 cloak
rCorr  .         Harm     +     T - +1 pair of gloves of Curiosity {rElec rF+ MP-9}
MR     +....                    (no boots)
Stlth  ..........               h - amulet of harm
                                E - ring of poison resistance
                                (no ring)

@: mighty
A: retaliatory headbutt, horns 2
a: Heroism, Renounce Religion


You were on level 9 of the Dungeon.
You worshipped Okawaru.
Okawaru was pleased with you.
You were hungry.

You visited 2 branches of the dungeon, and saw 8 of its levels.

You collected 293 gold pieces.
You spent 104 gold pieces at shops.

Inventory:

Hand Weapons
 a - a +0 long sword (weapon)
Armour
 c - a +0 shield (worn)
 l - a +1 chain mail of magic resistance (worn)
 w - a +1 cloak
 K - a +2 cloak (worn)
 S - a +0 plate armour
 T - the +1 pair of gloves of Curiosity (worn) {rElec rF+ MP-9}
   (You found it on level 6 of the Dungeon)

   It protects you from fire.
   It insulates you from electricity.
   It affects your magic capacity (-9).
Jewellery
 h - an amulet of harm (around neck)
 m - an uncursed ring of protection from fire
 E - a ring of poison resistance (right hand)
Wands
 g - a wand of digging (18/24)
 o - a wand of flame (15/48)
 s - a wand of random effects (19/48)
 t - a wand of digging (9/24)
 y - a wand of confusion (25/48)
 G - a wand of lightning (6/15)
 I - a wand of paralysis (10/24)
 L - a wand of teleportation (1/9)
 M - a wand of acid (7/15)
Scrolls
 b - a scroll of magic mapping {unknown}
 e - 2 scrolls of remove curse
 i - 5 scrolls of enchant weapon
 j - 4 scrolls of teleportation {unknown}
 k - 2 scrolls of random uselessness {unknown}
 q - 3 scrolls of amnesia {unknown}
 r - 4 scrolls of noise {unknown}
 F - 3 scrolls of enchant armour {unknown}
 N - 2 scrolls of fog {unknown}
 O - 3 scrolls of identify
 P - a scroll of blinking
Potions
 d - 2 potions of might
 u - a potion of haste
 v - 3 potions of flight
 z - a potion of invisibility {unknown}
 B - a potion of mutation {unknown}
 D - a potion of curing
 J - 2 potions of agility {unknown}
Books
 H - a book of Cantrips

   Spells                             Type                      Level
   a - Confusing Touch                Hexes                        1
   b - Animate Skeleton               Necromancy                   1
   c - Summon Small Mammal            Summoning                    1
   d - Apportation                    Translocation                1
Comestibles
 f - 5 bread rations
 n - a royal jelly
 p - 2 meat rations
 x - a beef jerky


   Skills:
 + Level 6.2 Fighting
 + Level 10.0 Long Blades
 + Level 7.9 Armour
 + Level 1.6 Dodging
 + Level 0.1 Stealth
 + Level 7.5 Shields


You had 8 spell levels left.
You didn't know any spells.

Dungeon Overview and Level Annotations

Branches:
Dungeon (6/15)             Temple (1/1) D:4             Orc (0/2) D:9

Altars:
Ashenzari
Dithmenos
Elyvilon
Fedhas
Gozag
Makhleb
Okawaru
Qazlal
Ru
Trog
Xom
The Shining One

Shops:
D:4 ?

Annotations:
D:9 Maurice


Innate Abilities, Weirdness & Mutations

You reflexively headbutt those who attack you in melee.
You have a pair of horns on your head.


Message History

The hippogriff screeches!
A big kobold comes into view. It is wielding a short sword.
A water moccasin comes into view.
Found 8 fruits.
Found a staircase to the Orcish Mines.
You feel sick.
The water moccasin hisses angrily.
You slice the big kobold!!
You kill the big kobold!
Okawaru accepts your kill.
Your Long Blades skill increases to level 10!
The water moccasin bites you.
* * * LOW HITPOINT WARNING * * *
Found 4 fruits.
You block the water moccasin's attack. The water moccasin bites you.
* * * LOW HITPOINT WARNING * * *
Found 12 fruits.
It was a potion of curing.
You feel better. The water moccasin misses you.
The water moccasin bites you but does no damage.
The water moccasin bites you.
You die...

#......>......
#.............
##>#.......%..%
####............P.
#................%
##.#.....>.........
##..................
#..........SH..#...
#.........##@##.%...
#.#.#............%.%
###.####......P. #[#
####..... #)# .....
#†# .... .........#
### ..#.###..# ...#


You could see a hippogriff and a water moccasin.

Vanquished Creatures
  A hornet (D:9)
  Sigmund (D:3)
  Menkaure (D:4)
  Duvessa (D:5)
  A sky beast (D:6)
  An orc warrior (D:6)
  A necrophage (D:9)
  A centaur (D:5)
  3 ogres
  Blork the orc (D:4)
  A big kobold (D:9)
  Dowan (D:5)
  A scorpion (D:5)
  A howler monkey (D:5)
  3 crimson imps (D:5)
  A bullfrog zombie (D:4)
  Crazy Yiuf (D:4)
  4 bullfrog skeletons
  2 orc priests
  2 centaur skeletons
  3 iguanas
  An orc wizard (D:9)
  3 worker ants (D:4)
  A hound skeleton (D:5)
  8 adders
  11 gnolls
  3 shadow imps (D:6)
  An ooze (D:2)
  2 adder skeletons (D:4)
  2 worms
  A dart slug (D:3)
  3 leopard geckos
  14 orcs
  4 bats
  3 giant cockroaches (D:1)
  10 goblins
  10 hobgoblins
  7 jackals
  4 quokkas
  3 ball pythons
  17 frilled lizards
  A kobold (D:3)
  A leopard gecko skeleton (D:5)
  2 rats
144 creatures vanquished.

Notes
Turn   | Place    | Note
-------+----------+-------------------------------------------
     0 | D:1      | Peloso the Minotaur Fighter began the quest for the Orb.
     0 | D:1      | Reached XP level 1. HP: 19/19 MP: 0/0
   112 | D:1      | Reached XP level 2. HP: 27/27 MP: 1/1
   281 | D:1      | Reached skill level 3 in Long Blades
   321 | D:1      | Reached XP level 3. HP: 33/33 MP: 2/2
   963 | D:2      | Found a stormy altar of Qazlal.
   963 | D:2      | Found a shattered altar of Ashenzari.
   990 | D:2      | Found a sacrificial altar of Ru.
  1152 | D:2      | Found a white marble altar of Elyvilon.
  1153 | D:2      | Found a burning altar of Makhleb.
  1185 | D:2      | Found a shimmering altar of Xom.
  1546 | D:2      | Reached XP level 4. HP: 40/40 MP: 3/3
  1865 | D:3      | Reached skill level 4 in Long Blades
  1878 | D:3      | Reached XP level 5. HP: 37/46 MP: 4/4
  1907 | D:3      | Noticed Sigmund
  1907 | D:3      | Noticed an ogre
  1912 | D:3      | Killed an ogre
  1912 | D:3      | Reached skill level 5 in Armour
  1916 | D:3      | Killed Sigmund
  1916 | D:3      | Reached skill level 5 in Long Blades
  1916 | D:3      | Reached skill level 5 in Shields
  1916 | D:3      | Reached XP level 6. HP: 22/53 MP: 5/5
  2031 | D:2      | Found a shimmering altar of Xom.
  2292 | D:4      | Found Quhe's Magic Scroll Emporium.
  2295 | D:4      | Bought a scroll of enchant weapon for 82 gold pieces
  2337 | D:4      | Noticed Blork the orc
  2347 | D:4      | Killed Blork the orc
  2347 | D:4      | Reached skill level 6 in Long Blades
  2347 | D:4      | Reached XP level 7. HP: 52/60 MP: 6/6
  2400 | D:4      | Reached skill level 1 in Dodging
  2437 | D:4      | Bought a scroll of identify for 22 gold pieces
  2566 | D:4      | Found a staircase to the Ecumenical Temple.
  2580 | Temple   | Entered the Ecumenical Temple
  2594 | Temple   | Became a worshipper of Warmaster Okawaru
  2614 | D:4      | Noticed Menkaure
  2619 | D:4      | Killed Menkaure
  2619 | D:4      | Reached skill level 5 in Fighting
  2619 | D:4      | Reached skill level 7 in Long Blades
  2708 | D:4      | Found a bloodstained altar of Trog.
  2847 | D:4      | Found a runed door.
  2851 | D:4      | Noticed Crazy Yiuf
  2858 | D:4      | Killed Crazy Yiuf
  2901 | D:5      | Entered Level 5 of the Dungeon
  2950 | D:5      | Reached * piety under Okawaru
  2973 | D:5      | Reached skill level 8 in Long Blades
  2973 | D:5      | Reached XP level 8. HP: 19/68 MP: 7/7
  3553 | D:5      | Noticed Dowan
  3559 | D:5      | Noticed Duvessa
  3577 | D:5      | Killed Duvessa
  3588 | D:5      | Killed Dowan
  3896 | D:5      | Reached ** piety under Okawaru
  3896 | D:5      | Reached skill level 9 in Long Blades
  4122 | D:6      | Got a pair of shimmering gloves
  4128 | D:6      | Identified the +1 pair of gloves of Curiosity {rElec rF+ MP-9} (You found it on level 6 of the Dungeon)
  4354 | D:6      | Found a shadowy altar of Dithmenos.
  4573 | D:6      | Reached XP level 9. HP: 75/75 MP: 0/8
  4672 | D:6      | You fall through a shaft for 3 floors!
  4700 | D:9      | Noticed Maurice
  4706 | D:9      | Found a staircase to the Orcish Mines.
  4708 | D:9      | Reached skill level 10 in Long Blades
  4710 | D:9      | HP: 1/74 [water moccasin (4)]
  4712 | D:9      | Slain by a water moccasin

Skill      XL: |  1  2  3  4  5  6  7  8  9 |
---------------+----------------------------+-----
Shields        | 4 5 7 |  7.5
Long Blades    | 3 4 5 6 8 9 10 | 10.0
Armour         | 4 5 6 7 |  7.9
Fighting       | 4 5 6 |  6.2
Dodging        | 1 |  1.6
Stealth        | |  0.1

Action                   |  1- 3 |  4- 6 |  7- 9 || total
-------------------------+-------+-------+-------++-------
Melee: Long sword        |    86 |    88 |   233 ||   407
       Headbutt          |    10 |    18 |    45 ||    73
  Use: Potion            |       |     1 |     2 ||     3
       Scroll            |       |     2 |     4 ||     6
  Eat: Chunk             |     1 |     4 |     6 ||    11
       Fruit             |       |       |     1 ||     1
Armor: Scale mail        |    24 |       |       ||    24
       Chain mail        |    18 |    49 |    80 ||   147
Dodge: Dodged            |    24 |    12 |    59 ||    95
Block: Shield            |    42 |    42 |    95 ||   179
       Rpst.: Long sword |     9 |     5 |    10 ||    24
